 Dungeon Crawl Stone Soup version 0.21.1-1-g345015fe64 (webtiles) character file.

237 PikkenKukken the Skirmisher (level 5, -2/42 HPs)
             Began as a Demonspawn Abyssal Knight on June 23, 2018.
             Was a Believer of Lugonu.
             Succumbed to an orc wizard's poison
             ... on level 3 of the Dungeon.
             The game lasted 00:06:56 (2852 turns).

PikkenKukken the Skirmisher (DsAK)                  Turns: 2852, Time: 00:06:57

Health: -2/42      AC: 12    Str: 13    XL:     5   Next: 77%
Magic:  7/7        EV:  6    Int: 13    God:    Lugonu [**....]
Gold:   59         SH:  0    Dex: 13    Spells: 4/4 levels left

rFire    . . .     SeeInvis .   a - +1 spear
rCold    . . .     Gourm    .   (no shield)
rNeg     . . .     Faith    +   h - +0 chain mail
rPois    .         Spirit   .   (helmet restricted)
rElec    .         Reflect  .   (no cloak)
rCorr    .         Harm     .   g - +0 pair of gloves
MR       .....                  (no boots)
Stlth    ..........             i - amulet of faith
HPRegen  0.14/turn              f - ring of flight
MPRegen  0.10/turn              (no ring)

@: lethally poisoned (-2 -> -45)
A: horns 1, thin metallic scales 1, nightstalker 1
a: Depart the Abyss, Bend Space, Renounce Religion, Evoke Flight


You were on level 3 of the Dungeon.
You worshipped Lugonu.
Lugonu was pleased with you.
You were hungry.

You visited 1 branch of the dungeon, and saw 3 of its levels.
You visited the Abyss 1 time.

You collected 59 gold pieces.

Inventory:

Hand Weapons
 a - a +1 spear (weapon)
Armour
 g - a +0 pair of gloves (worn)
 h - a +0 chain mail (worn)
 n - a scarf of spirit shield
Jewellery
 f - a ring of flight (left hand)
 i - an amulet of faith (around neck)
Scrolls
 j - 4 scrolls of teleportation
Potions
 b - a potion of agility
 e - 2 potions of resistance
 k - 2 potions of ambrosia {unknown}
 m - a potion of curing
Comestibles
 c - 4 rations


   Skills:
 + Level 4.1 Fighting
 + Level 3.3 Polearms
 + Level 2.9 Armour
 - Level 1.7 Dodging
 - Level 0.2 Stealth
 + Level 3.5 Invocations


You had 4 spell levels left.
You didn't know any spells.

Dungeon Overview and Level Annotations

Branches:
Dungeon (3/15)

Altars:
Cheibriados
Hepliaklqana
Qazlal
Yredelemnul


Innate Abilities, Weirdness & Mutations

You have a pair of small horns on your head.
You are partially covered in thin metallic scales. (AC +2)
You are slightly more attuned to the shadows.


Message History

* * * LOW HITPOINT WARNING * * *
The orc wizard hits you but does no damage.
You are more poisoned.
You hit the orc wizard. You headbutt the orc wizard.
The orc wizard is severely wounded.
* * * LOW HITPOINT WARNING * * *
You feel very sick.
The orc wizard hits you with a dagger of venom.
* * * LOW HITPOINT WARNING * * *
You are more poisoned.
You hit the orc wizard.
The orc wizard is almost dead.
* * * LOW HITPOINT WARNING * * *
You feel very sick. The worm bites you.
* * * LOW HITPOINT WARNING * * *
You closely miss the orc wizard.
You kill the orc wizard!
Lugonu accepts your kill.
You die...

#########...#...,*,,,,,,,,,,**,,,
.............#.###.......,,,,,,,,
.............#..##......,,,,,,,,*
.............#...#....$.,,,,*****
.$...........#........#******,,,*
.......[........##....####***,*,*
..........................,,,,*,*
...............)w#...######****,*
..............[#@..[.......,,,,,*
.............###).(#+######******
.............#*#......# *
,,...........##.......# *
,,,..........##.......# *
,,,,..................# *
,,,,.....§§§§#.#......# *
,,,,.....§§§.#.##..####***** *
,,,,.........#,.,,,,,,,,,,,* *


You could see a worm.

Vanquished Creatures
  2 orc priests
  Terence (D:2)
  2 orc wizards (D:3)
  4 adders
  A worm (D:3)
  4 dart slugs
  2 leopard geckos (D:1)
  5 orcs
  9 bats
  4 giant cockroaches
  2 goblins
  2 hobgoblins
  4 jackals (D:1)
  2 quokkas
  A ball python (D:1)
  5 frilled lizards (D:1)
  8 kobolds
  4 rats
62 creatures vanquished.

Notes
Turn   | Place    | Note
-------+----------+-------------------------------------------
     0 | Abyss:1  | PikkenKukken the Demonspawn Abyssal Knight began the quest for the Orb.
     0 | Abyss:1  | Reached XP level 1. HP: 18/18 MP: 2/2
    46 | Abyss:1  | Noticed a chaos spawn
    48 | D:1      | Escaped the Abyss
   230 | D:1      | Gained mutation: You are partially covered in thin metallic scales. (AC +2) [demonic ancestry]
   230 | D:1      | Reached XP level 2. HP: 14/24 MP: 3/3
   433 | D:1      | Reached skill level 1 in Dodging
   488 | D:1      | Reached * piety under Lugonu
   784 | D:1      | Gained mutation: You are slightly more attuned to the shadows. [demonic ancestry]
   784 | D:1      | Reached XP level 3. HP: 29/29 MP: 4/4
  1016 | D:2      | Noticed Terence
  1166 | D:2      | Killed Terence
  1166 | D:2      | Reached XP level 4. HP: 24/35 MP: 5/5
  1491 | D:2      | Found a snail-covered altar of Cheibriados.
  1596 | D:2      | Found a hazy altar of Hepliaklqana.
  1599 | D:2      | Found a stormy altar of Qazlal.
  1602 | D:2      | Found a basalt altar of Yredelemnul.
  2327 | D:2      | Gained mutation: You have a pair of small horns on your head. [demonic ancestry]
  2327 | D:2      | Reached XP level 5. HP: 40/42 MP: 7/7
  2550 | D:3      | Reached ** piety under Lugonu
  2550 | D:3      | Reached skill level 4 in Fighting
  2851 | D:3      | HP: 1/42 [worm (4)]
  2852 | D:3      | Succumbed to an orc wizard's poison

Skill      XL: |  1  2  3  4  5 |
---------------+----------------+-----
Polearms       | 2 3 |  3.3
Armour         | 2 |  2.9
Dodging        | 1 |  1.7
Invocations    | 3 |  3.5
Fighting       | 4 |  4.1
Stealth        | |  0.2

Action                   |  1- 3 |  4- 6 || total
-------------------------+-------+-------++-------
Melee: Spear             |   135 |   151 ||   286
       Headbutt          |       |     7 ||     7
Invok: Depart the Abyss  |     1 |       ||     1
  Use: Scroll            |     4 |     5 ||     9
       Potion            |     2 |     3 ||     5
  Eat: Chunk             |     1 |     5 ||     6
Armor: Leather armour    |    37 |       ||    37
       Chain mail        |       |   112 ||   112
       Scale mail        |       |    19 ||    19
Dodge: Dodged            |    84 |    55 ||   139
